| TOP OF THE 1ST |
|
Texas Rangers batting - Pitching for Seattle Mariners : RHP Bas Kooy
|
|
Pitching: RHP Bas Kooy
|
|
|
Batting: LHB Sean Geisler
|
0-0: Ball 1-0: Ball 2-0: Ball 3-0: Base on Balls
|
|
Batting: RHB Butch Kaiser
|
0-0: Ball 1-0: Called Strike 1-1: Ball 2-1: Ball 3-1: Called Strike 3-2: Fly out, F8 (Line Drive, 8RM, EV 91.9 MPH)
|
|
Batting: SHB John Giesbrecht
|
0-0: Ball 1-0: Called Strike 1-1: Ball 2-1: Swinging Strike 2-2: Foul Ball, location: 2F 2-2: Strikes out swinging
|
|
Batting: SHB Vince Ealy
|
0-0: Ball 1-0: Swinging Strike 1-1: Ground out 6-3 (Groundball, 6MS, EV 74.4 MPH)
|
| Top of the 1st over - 0 runs, 0 hits, 0 errors, 1 left on base; Texas 0 - Seattle 0 |
| BOTTOM OF THE 1ST |
|
Seattle Mariners batting - Pitching for Texas Rangers : RHP Kelly Goosecock
|
|
Pitching: RHP Kelly Goosecock
|
|
|
Batting: LHB Jerrod Cluck
|
0-0: Swinging Strike 0-1: Ball 1-1: Called Strike 1-2: Ball 2-2: Fly out, F7 (Flyball, 78S, EV 80.0 MPH)
|
|
Batting: RHB Jose Vasquez
|
0-0: Ball 1-0: Foul Ball, location: 2F 1-1: SOLO HOME RUN (Flyball, 78XD, EV 99.4 MPH), Distance : 387 ft
|
|
Batting: SHB Floyd-William Goof
|
0-0: Ball 1-0: Fly out, F7 (Line Drive, 78M, EV 93.1 MPH)
|
|
Batting: RHB Steve Jordan
|
0-0: Ball 1-0: Called Strike 1-1: Ball 2-1: SINGLE (Groundball, 56S, EV 70.0 MPH) (infield hit)
|
|
Batting: SHB Robbie Rogers
|
0-0: Ball 1-0: Called Strike 1-1: Called Strike 1-2: Ground out 5-3 (Groundball, 56S, EV 89.4 MPH)
|
| Bottom of the 1st over - 1 run, 2 hits, 0 errors, 1 left on base; Texas 0 - Seattle 1 |
| TOP OF THE 2ND |
|
Texas Rangers batting - Pitching for Seattle Mariners : RHP Bas Kooy
|
|
Batting: RHB Ray Llewellyn
|
0-0: Foul Ball, location: 2F 0-1: Fly out, F9 (Line Drive, 9, EV 111.2 MPH)
|
|
Batting: LHB Andy Bowman
|
0-0: Called Strike 0-1: Ball 1-1: Foul Ball, location: 2F 1-2: Foul Ball, location: 2F 1-2: Ball 2-2: Ball 3-2: DOUBLE (Line Drive, 89M, EV 112.5 MPH)
|
|
Batting: SHB Addick de Vries
|
0-0: Ball 1-0: Fly out, F9 (Line Drive, 9S, EV 113.8 MPH)
|
|
Batting: RHB Zhao-ji Chi
|
0-0: Ground out 4-3 (Groundball, 4M, EV 101.9 MPH)
|
| Top of the 2nd over - 0 runs, 1 hit, 0 errors, 1 left on base; Texas 0 - Seattle 1 |
| BOTTOM OF THE 2ND |
|
Seattle Mariners batting - Pitching for Texas Rangers : RHP Kelly Goosecock
|
|
Batting: RHB Tony Vargas
|
0-0: Called Strike 0-1: DOUBLE (Popup, 5D, EV 59.4 MPH)
|
|
Batting: RHB Harutomi Matsubara
|
0-0: Ball 1-0: Called Strike 1-1: SINGLE (Line Drive, 7S, EV 85.6 MPH) Tony Vargas to third
|
|
Batting: RHB Jimmy Hammertime
|
0-0: Grounds into double play, 6-4-3 (Groundball, 6, EV 86.9 MPH) Tony Vargas scores
|
|
Batting: RHB Corey Ottinger
|
0-0: Ball 1-0: Called Strike 1-1: Ball 2-1: Foul Ball, location: 2F 2-2: Ball 3-2: Foul Ball, location: 2F 3-2: Strikes out looking
|
| Bottom of the 2nd over - 1 run, 2 hits, 0 errors, 0 left on base; Texas 0 - Seattle 2 |
| TOP OF THE 3RD |
|
Texas Rangers batting - Pitching for Seattle Mariners : RHP Bas Kooy
|
|
Batting: RHB Chad Thompson
|
0-0: Ball 1-0: Ball 2-0: Ground out 6-3 (Groundball, 6, EV 83.1 MPH)
|
|
Batting: LHB Sean Geisler
|
0-0: Ball 1-0: Foul Ball, location: 2F 1-1: Ground out U3 (Groundball, 34, EV 86.9 MPH)
|
|
Batting: RHB Butch Kaiser
|
0-0: Called Strike 0-1: Ball 1-1: Foul Ball, location: 2F 1-2: Ground out 6-3 (Groundball, 6, EV 81.9 MPH)
|
| Top of the 3rd over - 0 runs, 0 hits, 0 errors, 0 left on base; Texas 0 - Seattle 2 |
| BOTTOM OF THE 3RD |
|
Seattle Mariners batting - Pitching for Texas Rangers : RHP Kelly Goosecock
|
|
Batting: LHB Jerrod Cluck
|
0-0: Foul Ball, location: 2F 0-1: Ball 1-1: Foul Ball, location: 2F 1-2: Foul Ball, location: 2F 1-2: Strikes out swinging
|
|
Batting: RHB Jose Vasquez
|
0-0: Called Strike 0-1: Swinging Strike 0-2: SINGLE (Groundball, 6M, EV 85.6 MPH) (infield hit)
|
|
Batting: SHB Floyd-William Goof
|
0-0: Foul Ball, location: 2F 0-1: Called Strike 0-2: Ball 1-2: Strikes out swinging
|
|
Batting: RHB Steve Jordan
|
0-0: Fly out, F7 (Flyball, 78M, EV 90.0 MPH)
|
| Bottom of the 3rd over - 0 runs, 1 hit, 0 errors, 1 left on base; Texas 0 - Seattle 2 |
| TOP OF THE 4TH |
|
Texas Rangers batting - Pitching for Seattle Mariners : RHP Bas Kooy
|
|
Batting: SHB John Giesbrecht
|
0-0: Ball 1-0: Foul Ball, location: 2F 1-1: Swinging Strike 1-2: Strikes out swinging
|
|
Batting: SHB Vince Ealy
|
0-0: Ground out 4-3 (Groundball, 4, EV 95.6 MPH)
|
|
Batting: RHB Ray Llewellyn
|
0-0: Ball 1-0: Swinging Strike 1-1: Ground out 1-3 (Groundball, 13S, EV 68.1 MPH)
|
| Top of the 4th over - 0 runs, 0 hits, 0 errors, 0 left on base; Texas 0 - Seattle 2 |
| BOTTOM OF THE 4TH |
|
Seattle Mariners batting - Pitching for Texas Rangers : RHP Kelly Goosecock
|
|
Batting: SHB Robbie Rogers
|
0-0: Called Strike 0-1: Foul Ball, location: 2F 0-2: Ground out U3 (Groundball, 34, EV 80.6 MPH)
|
|
Batting: RHB Tony Vargas
|
0-0: Called Strike 0-1: Ball 1-1: Ball 2-1: Swinging Strike 2-2: Foul Ball, location: 2F 2-2: Strikes out swinging
|
|
Batting: RHB Harutomi Matsubara
|
0-0: Ball 1-0: Called Strike 1-1: Called Strike 1-2: Foul Ball, location: 2F 1-2: Strikes out looking
|
| Bottom of the 4th over - 0 runs, 0 hits, 0 errors, 0 left on base; Texas 0 - Seattle 2 |
| TOP OF THE 5TH |
|
Texas Rangers batting - Pitching for Seattle Mariners : RHP Bas Kooy
|
|
Batting: LHB Andy Bowman
|
0-0: Called Strike 0-1: Ball 1-1: Called Strike 1-2: Strikes out swinging
|
|
Batting: SHB Addick de Vries
|
0-0: SINGLE (Groundball, 25, EV 73.8 MPH) (infield hit)
|
|
Batting: RHB Zhao-ji Chi
|
0-0: SINGLE (Groundball, 5S, EV 66.9 MPH) (infield hit) Addick de Vries to second
|
|
Batting: RHB Chad Thompson
|
0-0: Foul Ball, location: 2F 0-1: Ball 1-1: Fielders Choice at 2nd, 5-4 (Groundball, 56S, EV 84.4 MPH) Addick de Vries to third
|
|
Batting: LHB Sean Geisler
|
0-0: Ball 1-0: Ball 2-0: Called Strike 2-1: SINGLE (Groundball, 34S, EV 65.0 MPH) (infield hit) Addick de Vries scores Chad Thompson to second
|
|
Batting: RHB Butch Kaiser
|
0-0: Called Strike 0-1: Fielders Choice at 2nd, U6 (Groundball, 6M, EV 90.0 MPH)
|
| Top of the 5th over - 1 run, 3 hits, 0 errors, 2 left on base; Texas 1 - Seattle 2 |
| BOTTOM OF THE 5TH |
|
Seattle Mariners batting - Pitching for Texas Rangers : RHP Kelly Goosecock
|
|
Batting: RHB Jimmy Hammertime
|
0-0: Ball 1-0: SINGLE (Groundball, 6D, EV 104.4 MPH)
|
|
Batting: RHB Corey Ottinger
|
0-0: Ball 1-0: Swinging Strike 1-1: Ball 2-1: Ball 3-1: Called Strike 3-2: Grounds into double play, 4-6-3 (Groundball, 34S, EV 87.5 MPH)
|
|
Batting: LHB Jerrod Cluck
|
0-0: Ball 1-0: Foul Ball, location: 2F 1-1: Ground out 6-3 (Groundball, 6, EV 92.5 MPH)
|
| Bottom of the 5th over - 0 runs, 1 hit, 0 errors, 0 left on base; Texas 1 - Seattle 2 |
| TOP OF THE 6TH |
|
Texas Rangers batting - Pitching for Seattle Mariners : RHP Bas Kooy
|
|
Batting: SHB John Giesbrecht
|
0-0: Ball 1-0: Fly out, F7 (Flyball, 7, EV 88.1 MPH)
|
|
Batting: SHB Vince Ealy
|
0-0: Foul Ball, location: 2F 0-1: Foul Ball, location: 2F 0-2: SINGLE (Groundball, 5D, EV 107.5 MPH)
|
|
Batting: RHB Ray Llewellyn
|
0-0: Ball 1-0: Ball Vince Ealy steals 2nd base 2-0: DOUBLE (Flyball, 78XD, EV 100.0 MPH) Vince Ealy scores
|
|
Batting: LHB Andy Bowman
|
0-0: DOUBLE (Line Drive, 78D, EV 99.4 MPH) Ray Llewellyn scores
|
|
Batting: SHB Addick de Vries
|
0-0: Called Strike 0-1: Foul Ball, location: 2F 0-2: Strikes out swinging
|
|
Batting: RHB Zhao-ji Chi
|
0-0: Ball 1-0: Called Strike 1-1: Foul Ball, location: 2F 1-2: Strikes out swinging
|
| Top of the 6th over - 2 runs, 3 hits, 0 errors, 1 left on base; Texas 3 - Seattle 2 |
| BOTTOM OF THE 6TH |
|
Seattle Mariners batting - Pitching for Texas Rangers : RHP Kelly Goosecock
|
|
Batting: RHB Jose Vasquez
|
0-0: Called Strike 0-1: Ball 1-1: Swinging Strike 1-2: Ball 2-2: Ball 3-2: Foul Ball, location: 2F 3-2: Foul Ball, location: 2F 3-2: Foul Ball, location: 2F 3-2: SINGLE (Groundball, 4D, EV 97.5 MPH)
|
|
Batting: SHB Floyd-William Goof
|
0-0: Ball 1-0: Foul Ball, location: 2F 1-1: Fielders Choice at 2nd, 6-4 (Groundball, 6M, EV 95.6 MPH)
|
|
Batting: RHB Steve Jordan
|
0-0: Called Strike 0-1: Foul Ball, location: 2F 0-2: Ball 1-2: Strikes out looking
|
|
Batting: SHB Robbie Rogers
|
0-0: Ball 1-0: Ball 2-0: Called Strike 2-1: Fly out, F8 (Line Drive, 8RM, EV 93.1 MPH)
|
| Bottom of the 6th over - 0 runs, 1 hit, 0 errors, 1 left on base; Texas 3 - Seattle 2 |
| TOP OF THE 7TH |
|
Texas Rangers batting - Pitching for Seattle Mariners : RHP Bas Kooy
|
|
Batting: RHB Chad Thompson
|
0-0: Swinging Strike 0-1: Ground out 1-3 (Groundball, 34S, EV 77.5 MPH)
|
|
Batting: LHB Sean Geisler
|
0-0: Ball 1-0: Ball 2-0: Called Strike 2-1: SOLO HOME RUN (Flyball, 9D, EV 97.5 MPH), Distance : 382 ft
|
|
Batting: RHB Butch Kaiser
|
0-0: Swinging Strike 0-1: Foul Ball, location: 2F 0-2: Foul Ball, location: 2F 0-2: Ball 1-2: Strikes out looking
|
|
Batting: SHB John Giesbrecht
|
0-0: Foul Ball, location: 2F 0-1: Ball 1-1: Ball 2-1: Swinging Strike 2-2: Foul Ball, location: 2F 2-2: Foul Ball, location: 2F 2-2: Ball 3-2: DOUBLE (Line Drive, 3D, EV 96.9 MPH)
|
|
Batting: SHB Vince Ealy
|
0-0: Called Strike 0-1: Foul Ball, location: 2F 0-2: Ball 1-2: Ball 2-2: Strikes out swinging
|
| Top of the 7th over - 1 run, 2 hits, 0 errors, 1 left on base; Texas 4 - Seattle 2 |
| BOTTOM OF THE 7TH |
|
Seattle Mariners batting - Pitching for Texas Rangers : RHP Kelly Goosecock
|
|
Batting: RHB Tony Vargas
|
0-0: Ball 1-0: SINGLE (Line Drive, 4D, EV 106.2 MPH)
|
|
Pitching: RHP Kyle Curve
|
|
|
Batting: RHB Harutomi Matsubara
|
0-0: Called Strike 0-1: Ball 1-1: Ball 2-1: Foul Ball, location: 2F 2-2: Strikes out swinging
|
|
Batting: RHB Jimmy Hammertime
|
0-0: Ball 1-0: Called Strike 1-1: Grounds into double play, 5-4-3 (Groundball, 5, EV 85.0 MPH)
|
| Bottom of the 7th over - 0 runs, 1 hit, 0 errors, 0 left on base; Texas 4 - Seattle 2 |
| TOP OF THE 8TH |
|
Texas Rangers batting - Pitching for Seattle Mariners : RHP Bas Kooy
|
|
Batting: RHB Ray Llewellyn
|
0-0: Called Strike 0-1: Ball 1-1: Ball 2-1: Ball 3-1: Fly out, F8 (Flyball, 89M, EV 93.1 MPH)
|
|
Pitching: LHP Lance Crumpton
|
|
|
Batting: LHB Andy Bowman
|
0-0: Ball 1-0: Swinging Strike 1-1: Called Strike 1-2: Foul Ball, location: 2F 1-2: Strikes out swinging
|
|
Batting: SHB Addick de Vries
|
0-0: Called Strike 0-1: Fly out, F9 (Line Drive, 9, EV 92.5 MPH)
|
| Top of the 8th over - 0 runs, 0 hits, 0 errors, 0 left on base; Texas 4 - Seattle 2 |
| BOTTOM OF THE 8TH |
|
Seattle Mariners batting - Pitching for Texas Rangers : RHP Kyle Curve
|
|
Pitching: LHP Wayne Perry
|
|
|
Batting: RHB Corey Ottinger
|
0-0: Called Strike 0-1: Ball 1-1: Foul Ball, location: 2F 1-2: SINGLE (Groundball, 56D, EV 103.1 MPH)
|
|
Batting: LHB Jerrod Cluck
|
0-0: Called Strike 0-1: Foul Ball, location: 2F 0-2: Ball 1-2: Strikes out swinging
|
|
Batting: RHB Jose Vasquez
|
0-0: Ball 1-0: Swinging Strike 1-1: Ball 2-1: Ground out 6-3 (Groundball, 6D, EV 102.5 MPH) Corey Ottinger to second
|
|
Batting: SHB Floyd-William Goof
|
0-0: Called Strike 0-1: Ball 1-1: Ground out 4-3 (Groundball, 4, EV 91.2 MPH)
|
| Bottom of the 8th over - 0 runs, 1 hit, 0 errors, 1 left on base; Texas 4 - Seattle 2 |
| TOP OF THE 9TH |
|
Texas Rangers batting - Pitching for Seattle Mariners : LHP Lance Crumpton
|
|
Batting: RHB Zhao-ji Chi
|
0-0: Ball 1-0: Foul Ball, location: 2F 1-1: Ball 2-1: Swinging Strike 2-2: Strikes out swinging
|
|
Batting: RHB Chad Thompson
|
0-0: Ball 1-0: Foul Ball, location: 2F 1-1: Ground out 5-3 (Groundball, 5, EV 88.8 MPH)
|
|
Batting: LHB Sean Geisler
|
0-0: Ball 1-0: Called Strike 1-1: Swinging Strike 1-2: Strikes out looking
|
| Top of the 9th over - 0 runs, 0 hits, 0 errors, 0 left on base; Texas 4 - Seattle 2 |
| BOTTOM OF THE 9TH |
|
Seattle Mariners batting - Pitching for Texas Rangers : LHP Wayne Perry
|
|
Pitching: RHP Isaburo Ishihara
|
|
|
Batting: RHB Steve Jordan
|
0-0: Foul Ball, location: 2F 0-1: Foul Ball, location: 2F 0-2: Foul Ball, location: 2F 0-2: Ball 1-2: Strikes out swinging
|
|
Batting: SHB Robbie Rogers
|
0-0: Ball 1-0: Ball 2-0: Swinging Strike 2-1: Swinging Strike 2-2: Strikes out swinging
|
|
Batting: RHB Tony Vargas
|
0-0: Called Strike 0-1: Ball 1-1: Ball 2-1: Ball 3-1: Base on Balls
|
|
Batting: RHB Harutomi Matsubara
|
0-0: SINGLE (Line Drive, 4MD, EV 104.4 MPH) Tony Vargas to second
|
|
Batting: RHB Jimmy Hammertime
|
0-0: Ball 1-0: Foul Ball, location: 2F 1-1: Fielders Choice at 2nd, 4-6 (Groundball, 4MD, EV 106.2 MPH)
|
| Bottom of the 9th over - 0 runs, 1 hit, 0 errors, 2 left on base; Texas 4 - Seattle 2 |
|